 Dungeon Crawl Stone Soup version 0.24.0-13-gcf9b319 (webtiles) character file.

Game seed: 5470386375121963509, levelgen mode: deterministic

8754 Rwitter the Cleaver (level 11, 0/148 HPs)
             Began as a Deep Dwarf Fighter on Feb 18, 2020.
             Slain by an orc warrior
             ... wielding a +0 trident
              (9 damage)
             ... on level 10 of the Dungeon.
             The game lasted 00:25:20 (7691 turns).

Rwitter the Cleaver (Deep Dwarf Fighter)            Turns: 7691, Time: 00:25:20

Health: 0/148      AC: 25    Str: 23      XL:     11   Next: 14%
Magic:  2/2        EV:  2    Int:  9      God:
Gold:   556        SH: 11    Dex: 11 (12) Spells: 10/10 levels left

rFire    . . .     SeeInvis +   a - +0 war axe
rCold    . . .     Gourm    .   c - +0 shield
rNeg     + + +     Faith    .   (armour currently unavailable)
rPois    +         Spirit   .   (helmet currently unavailable)
rElec    .         Reflect  .   (cloak currently unavailable)
rCorr    .         Harm     .   (gloves currently unavailable)
MR       +....     NoTele   +   (boots currently unavailable)
Stlth    +.........             (no amulet)
HPRegen  0.00/turn              z - ring of see invisible
MPRegen  0.08/turn              u - ring of wizardry

@: tree-form (expiring), non-regenerating
A: damage resistance, heal wounds, sense surroundings 2, no regeneration
a: Heal Wounds


You were on level 10 of the Dungeon.
You were not hungry.
You were a tree.
You visited 2 branches of the dungeon, and saw 11 of its levels.

You collected 556 gold pieces.

Inventory:

Hand Weapons
 a - a +0 war axe (weapon)
Armour
 b - a +0 scale mail (melded)
 c - a +0 shield (worn)
 w - a +2 pair of gloves (melded)
 x - a +0 cloak (melded)
 y - a +0 pair of boots (melded)
Jewellery
 t - a +3 ring of intelligence
 u - a ring of wizardry (right branch)
 z - a ring of see invisible (left branch)
Wands
 g - a wand of digging (1)
Scrolls
 i - 4 scrolls of remove curse
 j - a scroll of random uselessness {unknown}
 k - 4 scrolls of enchant weapon {unknown}
 l - 4 scrolls of amnesia {unknown}
 n - 3 scrolls of noise {unknown}
 o - 2 scrolls of fog {unknown}
 q - 7 scrolls of teleportation
 r - 6 scrolls of immolation
 s - a scroll of summoning {unknown}
 C - a scroll of fear {unknown}
Potions
 d - 2 potions of invisibility
 e - a potion of mutation
 h - a potion of berserk rage {unknown}
 m - a potion of lignification
 p - a potion of ambrosia
 v - 2 potions of flight
 A - 2 potions of cancellation
 B - a potion of heal wounds {unknown}
Comestibles
 f - 23 rations


   Skills:
 + Level 6.5 Fighting
 * Level 14.1 Axes
 + Level 7.8 Armour
 + Level 7.8 Shields


You had 10 spell levels left.
You didn't know any spells.
Your spell library contained the following spells:

 Spells                   Type           Power        Failure   Level  Hunger
 Animate Skeleton         Necr           N/A          38%         1    ##.....
 Apportation              Tloc           #.....       38%         1    ##.....
 Corona                   Hex            #......      38%         1    ##.....
 Pain                     Necr           #...         38%         1    ##.....
 Shock                    Conj/Air       #...         38%         1    ##.....
 Summon Butterflies       Summ           #.......     38%         1    ##.....
 Ensorcelled Hibernation  Hex/Ice        #.....       50%         2    ###....
 Slow                     Hex            #.......     50%         2    ###....
 Swiftness                Chrm/Air       #.......     50%         2    ###....
 Confuse                  Hex            #.......     73%         3    ####...
 Dazzling Spray           Conj/Hex       #.....       73%         3    ####...
 Inner Flame              Hex/Fire       #.......     73%         3    ####...
 Lesser Beckoning         Tloc           #.........   73%         3    ####...
 Portal Projectile        Hex/Tloc       #.....       73%         3    ####...
 Static Discharge         Conj/Air       #.......     73%         3    ####...
 Tukima's Dance           Hex            #.......     73%         3    ####...
 Vampiric Draining        Necr           #.........   73%         3    ####...
 Airstrike                Air            #.........   98%         4    #####..
 Animate Dead             Necr           N/A          98%         4    #####..
 Cause Fear               Hex            #.........   98%         4    #####..
 Leda's Liquefaction      Hex/Erth       #.........   98%         4    #####..
 Alistair's Intoxication  Tmut/Pois      #.......     100%        5    ######.
 Lightning Bolt           Conj/Air       #.........   100%        5    ######.
 Invisibility             Hex            #.......     100%        6    #######
 Regeneration             Chrm/Necr      Unusable     N/A         3    N/A

Dungeon Overview and Level Annotations

Branches:
Dungeon (10/15)            Temple (1/1) D:7            Lair (0/6) D:8
    Orc (0/2) D:9

Altars:
Ashenzari
Cheibriados
Dithmenos
Elyvilon
Fedhas
Gozag
Hepliaklqana
Kikubaaqudgha
Nemelex Xobeh
Okawaru
Ru
Sif Muna
Trog
Uskayaw
Vehumet
Wu Jian
Xom
Yredelemnul
Zin
The Shining One

Shops:
D:5 !   D:6 %


Innate Abilities, Weirdness & Mutations

You are resistant to damage.
You can heal yourself by infusing magical energy.
You passively map the area around you.
You do not regenerate.


Message History

The orc warrior hits you from afar with a +0 trident.
* * * LOW HITPOINT WARNING * * *
You block the orc warrior's attack.
The orc warrior hits you but does no damage.
The orc warrior hits you from afar with a +0 trident!
* * * LOW HITPOINT WARNING * * *
You block the orc warrior's attack. You block the orc warrior's attack.
You block the orc warrior's attack. You block the orc warrior's attack.
The orc warrior hits you from afar with a +0 trident.
* * * LOW HITPOINT WARNING * * *
Your transformation is almost over.
You block the orc warrior's attack.
The orc warrior hits you but does no damage.
You block the orc warrior's attack.
The orc warrior hits you but does no damage.
The orc warrior hits you but does no damage.
The orc warrior hits you from afar with a +0 trident!
You die...

#T..###.##.### * ≈
≈ ,
#...+...#.....,
**### ,
#...###.#..###,
..# ≈≈ *
#........####
**#.# ≈ ≈
####.......... #.#
≈
##....######.##.##
≈ #o.#.## #......
* #)##.# ####.## *
#♣##.# #.# ≈
#.##.# #####.# , ,
#.##.# #.....# ,
*#.##.# #.##### ,
* *.....######.# +
, , *#######.....#
,* , .<....'.....#
* , , *
*######.....### ,,
, ,#...#+##.....,*


You could see an orc warrior.

Vanquished Creatures
  A two-headed ogre (D:8)
  A cyclops (D:9)
  A troll (D:10)
  A hornet (D:9)
  2 hippogriffs
  A spriggan (D:7)
  Sigmund (D:6)
  A wyvern (D:9)
  A hungry ghost (D:7)
  Grum (D:9)
  Menkaure (D:6)
  A warg (D:9)
  2 water moccasins
  4 orc warriors
  3 ice beasts
  4 sky beasts
  A phantom (D:6)
  4 ogres
  2 black bears
  4 wolves (D:9)
  7 centaurs
  2 big kobolds
  8 bullfrogs
  2 gnoll sergeants
  A water moccasin zombie (D:8)
  A wyvern skeleton (D:9)
  5 scorpions
  6 killer bees (D:8)
  3 wights (D:7)
  7 howler monkeys
  4 crimson imps
  A quasit (D:9)
  A bullfrog zombie (D:6)
  An orc priest (D:9)
  4 hounds
  2 jellies
  A centaur skeleton (D:7)
  Crazy Yiuf (D:6)
  A bullfrog skeleton (D:4)
  Jessica (D:2)
  4 iguanas
  8 orc wizards
  10 worker ants
  A killer bee zombie (D:5)
  A worker ant zombie (D:9)
  Robin (D:2)
  A howler monkey zombie (D:9)
  8 gnolls
  11 adders
  2 shadow imps
  2 oozes
  An adder skeleton (D:6)
  3 worms
  5 dart slugs
  4 leopard geckos
  29 orcs
  9 bats
  6 giant cockroaches
  13 hobgoblins
  9 jackals
  5 quokkas
  2 ball pythons
  5 frilled lizards
  18 goblins
  A jackal skeleton (D:8)
  21 kobolds
  A quokka skeleton (D:4)
  6 rats
  2 rat zombies (D:3)
285 creatures vanquished.

Notes
Turn   | Place    | Note
-------+----------+-------------------------------------------
     0 | D:1      | Rwitter the Deep Dwarf Fighter began the quest for the Orb.
     0 | D:1      | Reached XP level 1. HP: 20/20 MP: 1/1
   250 | D:1      | Reached skill level 3 in Axes
   276 | D:1      | Reached XP level 2. HP: 25/27 MP: 2/2
   725 | D:2      | Reached XP level 3. HP: 20/33 MP: 3/3
   727 | D:2      | Reached skill level 4 in Axes
   802 | D:2      | Noticed Robin
   829 | D:2      | Killed Robin
   863 | D:2      | Reached XP level 4. HP: 36/40 MP: 4/4
   969 | D:2      | Reached skill level 5 in Axes
  1007 | D:2      | Found a sparkling altar of Nemelex Xobeh.
  1130 | D:2      | Found a glowing silver altar of Zin.
  1137 | D:2      | Found a shimmering altar of Xom.
  1137 | D:2      | Noticed Jessica
  1146 | D:2      | Killed Jessica
  1150 | D:2      | Found a basalt altar of Yredelemnul.
  1153 | D:2      | Found a bloodstained altar of Trog.
  1191 | D:2      | Reached skill level 6 in Axes
  1191 | D:2      | Reached XP level 5. HP: 30/46 MP: 5/5
  1259 | D:2      | Found a shadowy altar of Dithmenos.
  2317 | D:3      | Found an ancient bone altar of Kikubaaqudgha.
  2408 | D:4      | Reached skill level 7 in Axes
  2408 | D:4      | Reached XP level 6. HP: 26/55 MP: 6/6
  2560 | D:4      | Reached skill level 8 in Axes
  2933 | D:5      | Entered Level 5 of the Dungeon
  2952 | D:5      | Noticed a sky beast
  2970 | D:5      | Killed a sky beast
  2970 | D:5      | Reached XP level 7. HP: 26/61 MP: 7/7
  3030 | D:5      | Reached skill level 9 in Axes
  3190 | D:5      | Found Putwunt's Distillery.
  3381 | D:5      | Reached skill level 10 in Axes
  3461 | D:5      | Reached XP level 8. HP: 49/68 MP: 8/8
  3710 | D:6      | Found Uruv's Food Emporium.
  3756 | D:6      | Reached skill level 11 in Axes
  3784 | D:6      | Noticed Sigmund
  3808 | D:6      | Killed Sigmund
  3824 | D:6      | Noticed Menkaure
  3840 | D:6      | Killed Menkaure
  3966 | D:6      | Gained mutation: You passively map the area around you.
                  | [Deep Dwarf growth]
  3966 | D:6      | Reached XP level 9. HP: 54/78 MP: 7/7
  4163 | D:6      | Found a runed translucent door.
  4164 | D:6      | Noticed Crazy Yiuf
  4262 | D:6      | Killed Crazy Yiuf
  4371 | D:7      | Found an ornate altar of the Wu Jian Council.
  4380 | D:7      | Found a staircase to the Ecumenical Temple.
  4409 | Temple   | Entered the Ecumenical Temple
  4711 | D:7      | Reached skill level 5 in Armour
  4711 | D:7      | Reached skill level 5 in Shields
  4718 | D:7      | Reached skill level 12 in Axes
  5273 | D:7      | Reached skill level 5 in Fighting
  5536 | D:8      | Found a shimmering blue altar of Sif Muna.
  5571 | D:8      | Reached XP level 10. HP: 51/88 MP: 6/6
  5586 | D:8      | Found a staircase to the Lair.
  5606 | D:8      | Found a shattered altar of Ashenzari.
  6029 | D:8      | Reached skill level 13 in Axes
  6106 | D:8      | Noticed a two-headed ogre
  6128 | D:8      | Killed a two-headed ogre
  6479 | D:9      | Noticed Grum
  6481 | D:9      | Noticed a cyclops
  6511 | D:9      | Killed a cyclops
  6520 | D:9      | Killed Grum
  6722 | D:9      | Found a staircase to the Orcish Mines.
  6927 | D:9      | Found a hide-covered altar of Uskayaw.
  6952 | D:9      | Paralysed by a hornet for 1 turns
  6954 | D:9      | Reached XP level 11. HP: 40/98 MP: 3/3
  7037 | D:9      | Reached skill level 14 in Axes
  7277 | D:10     | Entered Level 10 of the Dungeon
  7691 | D:10     | Slain by an orc warrior

Levels and vault maps discovered:
D:1:      sevenhm_arrival_forest_fort_large_4, layout_loops_ring
D:2:      minmay_spotlight, layout_basic, old_standard_altar,
          grunt_temple_overflow_cloverleaf, nemelex_xobeh_ov_fountains_minmay,
          uniq_jessica, uniq_robin
D:3:      layout_loops_cross, lemuel_zombie_altar_kikubaaqudgha,
          minmay_joined_circles
D:4:      layout_loops_ring, nicolae_overflow_hidden_temple
D:5:      layout_loops_ring, serial_shops, kennysheep_little_box, first_ration
D:6:      layout_cave_pools, serial_shops, shop, uniq_sigmund,
          uniq_crazy_yiuf_cottage, uniq_menkaure
D:7:      layout_cave_pools, overflow_temple_1_default,
          minmay_temple_entry_large_hall, the_bakery, chequers_arboretum,
          nzn_random_ring
D:8:      layout_loops_cross, lemuel_coloured_pillars_altar, ashenzari_altar_1,
          lair_entry_dummy, corexii_hall_statues_s
D:9:      layout_small_grid, eat_drink_and_be_merry_uskayaw, erik_orc_3,
          uniq_grum
D:10:     gammafunk_wand_slinger, layout_basic
Temple:   compressed_dpeg_triangle_lava_temple

Skill      XL: |  1  2  3  4  5  6  7  8  9 10 11 |
---------------+----------------------------------+-----
Axes           | 3 4 6 7 8 10 11 12 13 14 | 14.1
Fighting       | 3 5 6 |  6.5
Armour         | 4 6 7 |  7.8
Shields        | 4 6 7 |  7.8

Action                   |  1- 3 |  4- 6 |  7- 9 | 10-12 || total
-------------------------+-------+-------+-------+-------++-------
Melee: War axe           |   102 |   260 |   443 |   418 ||  1223
 Abil: Heal Wounds       |     1 |     5 |    14 |    16 ||    36
Evoke: Wand              |       |       |       |     1 ||     1
  Use: Potion            |     1 |     1 |     1 |     6 ||     9
       Scroll            |       |     5 |     2 |     3 ||    10
  Eat: Chunk             |       |     6 |    12 |     7 ||    25
Armor: Scale mail        |    36 |    97 |   188 |   133 ||   454
       Skin              |       |       |       |     7 ||     7
Dodge: Dodged            |    38 |    60 |   115 |   121 ||   334
Block: Shield            |    61 |   102 |   246 |   214 ||   623
